 Dungeon Crawl Stone Soup version 0.19.1 (webtiles) character file.

164 XO4YCPATb the Twirler (level 5, -1/38 HPs)
             Began as a Human Gladiator on Dec 20, 2016.
             Succumbed to an adder's poison
             ... in a sewer.
             The game lasted 00:05:30 (2430 turns).

XO4YCPATb the Twirler (Human Gladiator)             Turns: 2430, Time: 00:05:30

Health: -1/38      AC:  5    Str: 12 (15) XL:     5   Next: 73%
Magic:  5/5        EV: 12    Int:  8 (10) God:
Gold:   101        SH:  0    Dex: 10 (13) Spells: 0 memorised, 4 levels left

rFire  . . .     SeeInvis .     a - +0 quarterstaff
rCold  . . .     Gourm    .     b - +0 leather armour
rNeg   . . .     Faith    .     (shield currently unavailable)
rPois  .         Spirit   .     c - +0 helmet
rElec  .         Reflect  .     (no cloak)
rCorr  .         Harm     .     j - +0 pair of gloves
MR     .....                    (no boots)
Stlth  +.........               (no amulet)
                                (no ring)
                                (no ring)

@: lethally poisoned (-1 -> -20)
A: no striking features
a: no special abilities


You were in a sewer.
You were not hungry.

You visited 1 branch of the dungeon, and saw 3 of its levels.
You also visited: Sewer.

You collected 101 gold pieces.

Inventory:

Hand Weapons
 a - a +0 quarterstaff (weapon)
Missiles
 d - 2 throwing nets
 e - 41 arrows
 h - 94 stones
 k - 5 javelins of penetration
 l - 6 tomahawks
 r - 7 poisoned javelins (quivered)
Armour
 b - a +0 leather armour (worn)
 c - a +0 helmet (worn)
 j - a +0 pair of gloves (worn)
Wands
 p - a wand of iceblast (5/15)
Scrolls
 i - a scroll of remove curse
 s - a scroll of identify
Comestibles
 f - 3 bread rations
 g - 7 chunks of flesh
 m - a royal jelly
 n - a meat ration
 o - a beef jerky


   Skills:
 - Level 2.0 Fighting
 * Level 6.0 Staves
 - Level 2.0 Throwing
 - Level 3.0 Dodging


You had 4 spell levels left.
You didn't know any spells.

Dungeon Overview and Level Annotations

Branches:
Dungeon (3/15)

Altars:
Fedhas


Message History

* * * LOW HITPOINT WARNING * * *
The ball python bites you but does no damage.
The ball python constricts you.
Your unstable footing causes you to fumble your attack.
* * * LOW HITPOINT WARNING * * *
You feel sick. The adder barely misses you. The ball python closely misses you.
The ball python constricts you.
Unknown command.
You thump the adder!
The adder is severely wounded.
* * * LOW HITPOINT WARNING * * *
You feel sick. The adder bites you but does no damage.
The ball python closely misses you. The ball python constricts you.
The adder barely misses you.
Unknown command.
You hit the adder.
The adder is severely wounded.
Your surroundings suddenly seem different.
Something loses its grip on you.
You die...

####
######...######
##.............##
##...............##
#.......#.........#
##......# #......##
#......# #.@....#
#......# ##....##
#≈≈≈≈≈≈# ≈≈≈≈≈≈#
#≈≈≈≈≈≈# #≈≈≈≈≈≈#
#≈≈≈≈≈≈# #≈≈≈≈≈≈#
#≈≈≈≈S≈# #≈≈≈≈≈≈#
#≈≈≈≈S≈# #≈≈≈≈≈≈#
#≈≈≈≈≈≈# #≈≈≈≈≈≈#
#≈≈≈≈≈≈#


There were no monsters in sight!

Vanquished Creatures
  Ijyb (D:2)
  Natasha (D:2)
  3 adders
  A river rat (Sewer)
  An ooze (D:2)
  A worm (D:2)
  A dart slug (D:2)
  2 leopard geckos
  7 bats
  3 giant cockroaches
  8 goblins
  4 hobgoblins
  3 kobolds
  A quokka (D:2)
  2 ball pythons (Sewer)
  8 frilled lizards
  29 rats
76 creatures vanquished.

Notes
Turn   | Place    | Note
-------+----------+-------------------------------------------
     0 | D:1      | XO4YCPATb the Human Gladiator began the quest for the Orb.
     0 | D:1      | Reached XP level 1. HP: 16/16 MP: 1/1
   119 | D:1      | Reached XP level 2. HP: 22/22 MP: 2/2
   528 | D:1      | Reached skill level 4 in Staves
   528 | D:1      | Reached XP level 3. HP: 26/27 MP: 3/3
   880 | D:2      | Noticed Ijyb
   904 | D:2      | Killed Ijyb
   904 | D:2      | Reached XP level 4. HP: 33/33 MP: 4/4
  1317 | D:2      | Reached skill level 5 in Staves
  1576 | D:2      | Noticed Natasha
  1596 | D:2      | Killed Natasha
  1596 | D:2      | Reached XP level 5. HP: 24/38 MP: 5/5
  2006 | D:3      | Found a blossoming altar of Fedhas.
  2117 | D:3      | Found a glowing drain.
  2126 | Sewer    | Entered a sewer
  2427 | Sewer    | Reached skill level 6 in Staves
  2429 | Sewer    | HP: 1/38 [poisoned by an adder]
  2430 | Sewer    | Succumbed to an adder's poison

Skill      XL: |  1  2  3  4  5 |
---------------+----------------+-----
Staves         | 4 5 6 |  6.0
Fighting       | |  2.0
Throwing       | |  2.0
Dodging        | |  3.0

Action                   |  1- 3 |  4- 6 || total
-------------------------+-------+-------++-------
Melee: Quarterstaff      |    88 |   139 ||   227
Throw: Throwing net      |     1 |       ||     1
       Javelin           |       |     1 ||     1
  Use: Scroll            |       |     3 ||     3
       Potion            |       |     2 ||     2
 Stab: Held in net/web   |     1 |       ||     1
  Eat: Chunk             |       |     5 ||     5
Armor: Leather armour    |    20 |    40 ||    60
Dodge: Dodged            |    51 |   102 ||   153
